 Dungeon Crawl Stone Soup version 0.19-a0-981-gaae9137 (webtiles) character file.

7223 Rainbowgamer28 the Cruncher (level 10, -1/79 HPs)
             Began as a Demonspawn Wanderer on July 14, 2016.
             Was a Believer of Ru.
             Shot with an arrow by a centaur (9 damage)
             ... on level 9 of the Dungeon.
             The game lasted 00:38:27 (10215 turns).

Rainbowgamer28 the Cruncher (Demonspawn Wanderer)  Turns: 10215, Time: 00:38:27

Health: -1/79      AC: 16    Str: 15    XL:     10   Next: 88%
Magic:  22/22      EV:  3    Int: 13    God:    Ru [**....]
Gold:   388        SH:  0    Dex: 14    Spells: 0 memorised, 13 levels left

rFire  . . .     SeeInvis .     S - +2 quarterstaff (chaos)
rCold  . . .     Gourm    .     Y - +0 plate armour
rNeg   . . .     Faith    .     (shield currently unavailable)
rPois  .         Spirit   .     (helmet restricted)
rElec  .         Dismiss  .     T - +0 cloak
rCorr  +         Reflect  .     s - +0 pair of gloves
SustAt .         Harm     .     (no boots)
MR     .....                    (no amulet)
Stlth  ..........               X - ring of magical power
                                v - ring of wizardry

@: horrified, not resistant to hostile enchantments, extremely unstealthy
A: horns 2, yellow scales 3, powered by pain 1, spiny 1, hated by all, cowardly
a: Renounce Religion


You were on level 9 of the Dungeon.
You worshipped Ru.
Ru was pleased with you.
You were near starving.

You visited 1 branch of the dungeon, and saw 9 of its levels.
You also visited: Ossuary.

You collected 388 gold pieces.

Inventory:

Hand Weapons
 d - a +0 dagger
 i - a +0 short sword
 x - a +0 flail
 y - a +0 morningstar
 G - the +10 mace of Vytypl Eder {crush, rElec MR- Int+4}
   (You found it on level 4 of the Dungeon)

   It inflicts extra damage upon your enemies.
   It affects your intelligence (+4).
   It insulates you from electricity.
   It affects your resistance to hostile enchantments.
 J - a +3 whip of electrocution
 S - a +2 quarterstaff of chaos (weapon)
Armour
 c - a +0 robe
 g - a +0 leather armour
 k - a +0 chain mail
 s - a +0 pair of gloves (worn)
 E - a +0 buckler
 T - a +0 cloak (worn)
 Y - a +0 plate armour (worn)
Jewellery
 v - a ring of wizardry (left hand)
 F - an uncursed ring of ice
 K - a +3 ring of evasion
 Q - an uncursed ring of protection from fire
 X - a ring of magical power (right hand)
Wands
 a - a wand of enslavement (15/24)
 C - a wand of disintegration (20/24)
 D - a wand of enslavement (9/24)
 R - a wand of acid (1/15)
 U - a wand of confusion (35/48)
 Z - a wand of iceblast (5/15)
Scrolls
 e - 12 scrolls of identify {unknown}
 l - a scroll of recharging {unknown}
 o - 3 scrolls of enchant armour {unknown}
 p - a scroll of random uselessness {unknown}
 t - 7 scrolls of remove curse
 H - 3 scrolls of teleportation {unknown}
 M - 3 scrolls of fear {unknown}
 N - 5 scrolls of noise {unknown}
 P - a scroll of magic mapping {unknown}
Potions
 h - 2 potions of cure mutation {unknown}
 j - 2 potions of magic {unknown}
 r - 3 potions of invisibility {unknown}
 u - 4 potions of curing
 w - 3 potions of resistance {unknown}
 z - 3 potions of flight {unknown}
 A - 2 potions of degeneration {unknown}
 B - 2 potions of cancellation {unknown}
 I - 3 potions of lignification {unknown}
 O - a potion of mutation {unknown}
 W - a potion of brilliance {unknown}
Books
 b - the Collected Works on Shape Shifting

   Spells                             Type                      Level
   a - Beastly Appendage              Transmutation                1
   b - Spider Form                    Transmutation/Poison         3
Comestibles
 f - 11 bread rations
 m - 2 slices of pizza
 n - 7 fruits
 q - 7 meat rations
 L - 3 royal jellies
 V - 10 chunks of flesh


   Skills:
 - Level 7.4 Fighting
 - Level 8.3(10.7) Maces & Flails
 + Level 10.8(11.9) Staves
 - Level 2.0 Spellcasting
   Level 2.0 Hexes
   Level 2.1 Necromancy
   Level 1.0 Translocations
   Level 1.0 Poison Magic
 - Level 2.0 Evocations


You had 13 spell levels left.
You didn't know any spells.

Dungeon Overview and Level Annotations

Branches:
Dungeon (9/15)             Temple (0/1) D:6             Orc (0/2) D:9
   Lair: D:8-11

Altars:
Ashenzari
Cheibriados
Dithmenos
Elyvilon
Fedhas
Kikubaaqudgha
Makhleb
Pakellas
Ru
Yredelemnul
The Shining One


Innate Abilities, Weirdness & Mutations

You have a pair of horns on your head.
You are completely covered in yellow scales. (AC +4, rCorr)
You sometimes gain a little power by taking damage.
You are partially covered in sharp spines.
You are hated by all.
Your cowardice makes you less effective in combat with threatening monsters.


Message History

The goblin zombie moves out of view.
You redirect the phantom's attack!
Number of times to repeat, then command key: You must enter the number of times for the command to repeat.
You hit the troll zombie. The troll zombie bites you.
* * * LOW HITPOINT WARNING * * *
The troll zombie barely misses you.
The troll zombie claws you but does no damage.
The centaur is struck by your spines. The centaur hits you.
* * * LOW HITPOINT WARNING * * *
You focus your will and blind the centaur in retribution!
The troll zombie is struck by your spines.
The troll zombie bites you but does no damage.
The troll zombie claws you.
* * * LOW HITPOINT WARNING * * *
The troll zombie completely misses you.
You thump the troll zombie!
Nothing appears to happen.
The centaur wields an uncursed shortbow.
The centaur shoots an arrow.
The arrow hits you!
You die...

.# #. .# #.# .####.# ..
... .# #.##### #### .#
#.##..####..## .#
#..##.^##....### รท##
#....#.##.###ZZ###
..###..##....#.#@cWWZ#
.......#######ZZ##Z##.#
..#.#(.# ...(## .# .#
.##.#..# ..###.. Z#
..#.#..# #.# W.
..#>#..# #) Z# ..#.#..#
. Z# ..#.#..# Z.
.Y.....#


You could see 2 phantoms, a centaur (blind), 2 orc zombies, an ogre zombie, 2
troll zombies and an orc skeleton.

Vanquished Creatures
  Pikel (D:6)
  Joseph (D:7)
  Prince Ribbit (D:6)
  A two-headed ogre (D:8)
  A spriggan (D:7)
  6 yaks (D:9)
  A hippogriff (D:6)
  A hungry ghost (D:9)
  Grum (D:8)
  Duvessa (D:5)
  A water moccasin (D:8)
  2 orc warriors (D:7)
  4 slaves (D:6)
  A sky beast (D:6)
  3 ogres
  3 phantoms
  3 wolves (D:8)
  6 centaurs
  A big kobold (D:8)
  4 giant frogs
  Dowan (D:5)
  8 killer bees
  10 scorpions
  5 howler monkeys
  5 crimson imps
  2 giant frog zombies
  3 centaur zombies (Ossuary)
  5 hounds
  A jelly (D:4)
  A giant frog skeleton (D:6)
  Crazy Yiuf (D:5)
  3 orc priests
  An iron imp (D:7)
  An iguana (D:4)
  6 orc wizards
  3 worker ants
  2 big kobold zombies (Ossuary)
  An ogre zombie (D:9)
  2 hound zombies
  2 hound skeletons
  3 mummies (Ossuary)
  A howler monkey zombie (D:8)
  Robin (D:3)
  6 gnolls
  A howler monkey skeleton (D:7)
  6 scorpion zombies (Ossuary)
  13 adders
  3 shadow imps
  An ooze (D:5)
  2 adder skeletons
  3 worms
  2 dart slugs
  8 giant geckos
  15 orcs
  9 bats
  2 gnoll zombies (Ossuary)
  16 goblins
  13 hobgoblins
  12 jackals
  5 quokkas
  A giant gecko zombie (D:5)
  A giant newt (D:3)
  A goblin skeleton (D:9)
  3 goblin zombies (Ossuary)
  A hobgoblin zombie (Ossuary)
  13 kobolds
  3 kobold zombies (Ossuary)
  6 orc zombies
  8 rats
265 creatures vanquished.

Vanquished Creatures (others)
  A plant (D:3)
1 creature vanquished.

Grand Total: 266 creatures vanquished

Notes
Turn   | Place    | Note
-------+----------+-------------------------------------------
     0 | D:1      | Rainbowgamer28 the Demonspawn Wanderer began the quest for the Orb.
     0 | D:1      | Rainbowgamer28 set off with: a wand of enslavement (15/24), the Collected Works on Shape Shifting, a +0 robe, a +0 dagger, a bread ration
     0 | D:1      | Reached XP level 1. HP: 13/13 MP: 3/3
     0 | D:1      | Identified the Collected Works on Shape Shifting
   298 | D:1      | Reached skill level 1 in Fighting
   929 | D:1      | Gained mutation: You are partially covered in yellow scales. (AC +2) [demonic ancestry]
   929 | D:1      | Reached XP level 2. HP: 14/22 MP: 5/5
  1323 | D:2      | Gained mutation: You are mostly covered in yellow scales. (AC +3) [demonic ancestry]
  1323 | D:2      | Reached XP level 3. HP: 24/28 MP: 6/6
  2182 | D:2      | Reached XP level 4. HP: 22/36 MP: 7/7
  2917 | D:3      | Noticed Robin
  2932 | D:3      | Killed Robin
  2946 | D:3      | Gained mutation: You have a pair of small horns on your head. [demonic ancestry]
  2946 | D:3      | Reached XP level 5. HP: 27/43 MP: 8/8
  3133 | D:3      | Reached skill level 5 in Fighting
  3751 | D:3      | Found a shadowy altar of Dithmenos.
  3875 | D:3      | Found an oddly glowing altar of Pakellas.
  4002 | D:3      | Found a sacrificial altar of Ru.
  4002 | D:3      | Found a glowing golden altar of the Shining One.
  4006 | D:3      | Became a worshipper of Ru the Awakened
  4054 | D:4      | Noticed a phantom
  4078 | D:4      | Killed a phantom
  4078 | D:4      | Reached XP level 6. HP: 46/52 MP: 9/9
  4656 | D:4      | Gained mutation: You have a pair of horns on your head. [demonic ancestry]
  4656 | D:4      | Reached XP level 7. HP: 15/60 MP: 10/10
  4987 | D:4      | Got an encrusted mace
  4988 | D:4      | Identified the +10 mace of Vytypl Eder {crush, rElec MR- Int+4} (You found it on level 4 of the Dungeon)
  5045 | D:4      | Reached skill level 1 in Maces & Flails
  5596 | D:5      | Entered Level 5 of the Dungeon
  5858 | D:5      | Gained mutation: You are completely covered in yellow scales. (AC +4, rCorr) [demonic ancestry]
  5858 | D:5      | Reached XP level 8. HP: 67/67 MP: 11/11
  5893 | D:5      | Found a sand-covered staircase.
  5895 | D:5      | Noticed Duvessa
  5902 | Ossuary  | Entered an ossuary
  5928 | Ossuary  | Reached skill level 5 in Maces & Flails
  6420 | D:5      | Killed Duvessa
  6421 | D:5      | Noticed Dowan
  6427 | D:5      | Killed Dowan
  6590 | D:5      | Gained mutation: You are partially covered in sharp spines. [demonic ancestry]
  6590 | D:5      | Reached XP level 9. HP: 69/72 MP: 12/12
  6659 | D:5      | Found a runed door.
  6663 | D:5      | Noticed Crazy Yiuf
  6668 | D:5      | Killed Crazy Yiuf
  6721 | D:6      | Found a staircase to the Ecumenical Temple.
  6727 | D:6      | Gained mutation: You are hated by all. [Ru sacrifice]
  6727 | D:6      | Reached * piety under Ru
  6853 | D:6      | Reached skill level 1 in Staves
  6935 | D:6      | Reached skill level 2 in Staves
  6999 | D:6      | Noticed Pikel
  7029 | D:6      | Reached skill level 3 in Staves
  7049 | D:6      | Killed Pikel
  7049 | D:6      | Reached skill level 5 in Staves
  7388 | D:6      | Noticed Prince Ribbit
  7406 | D:6      | Killed Prince Ribbit
  7406 | D:6      | Reached skill level 6 in Staves
  7511 | D:7      | Noticed Joseph
  7529 | D:7      | Killed Joseph
  7529 | D:7      | Reached skill level 7 in Staves
  7745 | D:7      | Found a shattered altar of Ashenzari.
  7812 | D:7      | Found a basalt altar of Yredelemnul.
  7869 | D:7      | Found a snail-covered altar of Cheibriados.
  7935 | D:7      | Gained mutation: You sometimes gain a little power by taking damage. [demonic ancestry]
  7935 | D:7      | Reached XP level 10. HP: 75/79 MP: 13/13
  8385 | D:7      | Reached skill level 8 in Staves
  8463 | D:7      | Found a blossoming altar of Fedhas.
  8464 | D:7      | Found an ancient bone altar of Kikubaaqudgha.
  8513 | D:7      | Found a white marble altar of Elyvilon.
  9010 | D:8      | Gained mutation: Your cowardice makes you less effective in combat with threatening monsters. [Ru sacrifice]
  9010 | D:8      | Reached ** piety under Ru
  9031 | D:8      | Reached skill level 9 in Staves
  9320 | D:8      | Noticed Grum
  9354 | D:8      | Killed Grum
  9822 | D:8      | Found a burning altar of Makhleb.
  9827 | D:8      | Reached skill level 10 in Staves
 10187 | D:9      | Found a staircase to the Orcish Mines.
 10215 | D:9      | Shot with an arrow by a centaur

Vault maps used:
D:1:      dpeg_arrival_renting
D:2:      first_bread, fountainhead, minmay_item_behind_shaft
D:3:      corexii_shack_village, nicolae_overflow_hidden_temple,
          gammafunk_temple_overflow_wave, lemuel_coloured_pillars_altar,
          uniq_robin
D:4:      minmay_door_path
D:5:      lightli_ossuary_entry_decrepit_ruins, uniq_duvessa,
          uniq_crazy_yiuf_cottage
D:6:      kennysheep_cross_room, uniq_prince_ribbit1, uniq_pikel
D:7:      grunt_temple_overflow_growth_and_decay, kennysheep_ying_yang,
          ashenzari_conservatory_becter, slow_altar_1,
          eino_small_chamber_without_monster, the_bakery, uniq_joseph
D:8:      makhleb_grotto_becter, minivault_24, small_statue_intersection,
          dk_noncrumbling_3, uniq_grum
D:9:      zombieorc1_lemuel, grunt_pakellas_basics
Ossuary:  ossuary_minmay_scorpions

Skill      XL: |  1  2  3  4  5  6  7  8  9 10 |
---------------+-------------------------------+-----
Fighting       | 1 2 3 4 6 7 |  7.4
Maces & Flails | 4 8 |  8.3
Staves         | 7 10 | 10.8
Spellcasting   | |  2.0
Hexes          | |  2.0
Necromancy     | |  2.1
Translocations | |  1.0
Poison Magic   | |  1.0
Evocations     | |  2.0

Action                   |  1- 3 |  4- 6 |  7- 9 | 10-12 || total
-------------------------+-------+-------+-------+-------++-------
Melee: Dagger            |    37 |       |       |       ||    37
       Short sword       |   163 |    46 |       |       ||   209
       Morningstar       |       |   223 |     4 |       ||   227
       Flail             |       |     6 |       |       ||     6
       Headbutt          |       |    36 |    56 |    24 ||   116
       Mace              |       |       |   169 |       ||   169
       Whip              |       |       |    18 |       ||    18
       Quarterstaff      |       |       |   133 |   199 ||   332
Invok: Sacrifice Love    |       |       |     1 |       ||     1
       Sacrifice Courage |       |       |       |     1 ||     1
  Use: Potion            |       |       |     1 |     1 ||     2
       Scroll            |       |       |     1 |       ||     1
 Stab: Paralysed         |       |       |     7 |     7 ||    14
       Petrifying        |       |       |     2 |       ||     2
       Confused          |       |       |     1 |     2 ||     3
  Eat: Chunk             |     4 |     9 |    11 |     7 ||    31
Armor: Chain mail        |   203 |   249 |   172 |    31 ||   655
       Leather armour    |     6 |       |       |       ||     6
       Plate armour      |       |       |       |   124 ||   124
Dodge: Dodged            |    54 |    88 |   128 |    34 ||   304
Block: Buckler           |       |       |    33 |       ||    33
